 Dungeon Crawl Stone Soup version 0.29-a0-41-g89e12c0570 (webtiles) character file.

Game seed: 15855346380278604589

210 Grim the Magician (level 6, 0/47 HPs)
             Began as a Djinni Ice Elementalist on Feb 2, 2022.
             Slain by a gnoll (5 damage)
             ... on level 3 of the Dungeon.
             The game lasted 00:05:21 (3187 turns).

Grim the Magician (Djinni Ice Elementalist)         Turns: 3187, Time: 00:05:22

Health: 0/47       AC:  7    Str:  7    XL:     6   Next: 12%
Gold:   94         EV: 11    Int: 18    God:
                   SH:  0    Dex: 14

rFire   + + .      SeeInvis .   h - +0 quarterstaff
rCold   x . .      Faith    .   (shield currently unavailable)
rNeg    + . .      Spirit   .   i - +3 leather armour
rPois   ∞          Reflect  .   n - +0 helmet
rElec   .          Harm     .   (no cloak)
rCorr   +          Rampage  .   (no gloves)
Will    .....                   (boots unavailable)
Stlth   +.........              (no amulet)
HPRegen 0.15/turn               j - ring of positive energy
MPRegen 0.00/turn               l - ring of resist corrosion

@: lit by a corona, freezing walls, flying, glowing
A: sickness immunity, fire resistance 2, cold vulnerability 1, float, innate
caster, HP casting, extra vitality 1
a: no special abilities


You were on level 3 of the Dungeon.
You visited 1 branch of the dungeon, and saw 3 of its levels.

You collected 94 gold pieces.

Inventory:

Hand Weapons
 h - a +0 quarterstaff (weapon)
Armour
 a - a +0 robe
 i - a +3 leather armour (worn)
 n - a +0 helmet (worn)
Jewellery
 j - a ring of positive energy (left hand)
 l - a ring of resist corrosion (right hand)
Scrolls
 b - a scroll of blinking {unknown}
 c - a scroll of amnesia {unknown}
 d - a scroll of teleportation {unknown}
 e - a scroll of vulnerability {unknown}
 k - a scroll of noise {unknown}
Potions
 f - a potion of degeneration {unknown}
 g - a potion of mutation {unknown}
 m - 2 potions of curing {unknown}


   Skills:
 + Level 3.6 Fighting
 - Level 2.1 Dodging
 - Level 1.5 Stealth
 + Level 4.4 Spellcasting


You couldn't memorise any spells.
You knew the following spells:

 Your Spells              Type           Power      Damage    Failure   Level
a - Freeze                Ice            80%        1d9       3%          1
b - Frozen Ramparts       Ice            40%        1d6       10%         3
c - Ozocubu's Armour      Ice            20%        N/A       10%         3
d - Hailstorm             Conj/Ice       20%        3d6       32%         4
e - Pain                  Necr           80%        1d8       3%          1
f - Static Discharge      Conj/Air       20%        N/A       4%          2
Your spell library was empty.

Dungeon Overview and Level Annotations

Branches:
Dungeon (3/15)

Altars:
Uskayaw


Innate Abilities, Weirdness & Mutations

You are immune to sickness and miasma.
You are immune to poison.
Your flesh is very heat resistant. (rF++)
You are vulnerable to cold. (rC-)
You float through the air rather than walking.
You learn spells naturally, not from books.
Your magical power is your life essence.
You have superior vitality. (+4 MHP)


Message History

You are electrocuted!
The gnoll shouts!
The gnoll shaman hits you with a +1 whip of electrocution.
* * * LOW HITPOINT WARNING * * *
There is an open door here.
Casting: Freeze (safe; 3% risk of failure)
Confirm with . or Enter, or press ? or * to list all spells.
Casting: Frozen Ramparts (dangerous; 10% risk of failure)
Press: ? - help, Dir - look around, f - activate The walls around you are covered in ice.
* * * LOW HITPOINT WARNING * * *
A gnoll comes into view. It is wielding a +0 whip.
The wall freezes the gnoll shaman.
The gnoll shaman calls upon its god to speed up the gnoll.
The gnoll seems to speed up.
The gnoll shouts!
Casting: Frozen Ramparts (dangerous; 10% risk of failure)
Confirm with . or Enter, or press ? or * to list all spells.
Aiming: Freeze (safe; 3% risk of failure)
Press: ? - help, Shift-Dir - straight line, f - gnoll shaman
Aim: a gnoll shaman, wielding a +1 whip of electrocution and wearing a +0 robe (moderately wounded)
You freeze the gnoll shaman.
The gnoll shaman is heavily wounded.
* * * LOW HITPOINT WARNING * * *
The wall freezes the gnoll shaman.
The gnoll shaman hits you but does no damage.
You are electrocuted!
* * * LOW HITPOINT WARNING * * *
The wall freezes the worm!
Casting: Freeze (safe; 3% risk of failure)
Confirm with . or Enter, or press ? or * to list all spells.
Aiming: Freeze (safe; 3% risk of failure)
Press: ? - help, Shift-Dir - straight line, f/p - gnoll shaman
Aim: a gnoll shaman, wielding a +1 whip of electrocution and wearing a +0 robe (severely wounded)
You freeze the gnoll shaman!
You kill the gnoll shaman!
* * * LOW HITPOINT WARNING * * *
The wall freezes the gnoll.
The gnoll hits you from afar with a +0 spear.
You die...

########## #........##
###### #.##.##...##
##.... #.#.#......#
##...## #.##.##...##
.....#
#.##.###.######...#
#.##.###..........#
#.......†#######.##
####.##### #@# #.#
##)## ##.## ##.wg##
##...## ##.....##
#.....## #.......#
##.....####........g#
###.......'.........'..
.
#.........#.........###
# #.###.###.##.......##
#


You could see a worm and 2 gnolls.

Vanquished Creatures
  A gnoll shaman (D:3)
  An orc priest (D:3)
  Natasha (thrice) (D:3)
  Robin (D:3)
  2 adders (D:2)
  2 dart slugs (D:1)
  8 orcs (D:3)
  3 endoplasms (D:3)
  4 giant cockroaches (D:3)
  14 goblins
  6 hobgoblins
  4 quokkas
  A ball python (D:1)
  A bat (D:1)
  7 frilled lizards
  4 kobolds
  3 rats
65 creatures vanquished.

Notes
Turn   | Place    | Note
-------+----------+-------------------------------------------
     0 | D:1      | Grim the Djinni Ice Elementalist began the quest for the
                  | Orb.
     0 | D:1      | Reached XP level 1. HP: 15/15 MP: 0/0
   183 | D:1      | Reached skill level 1 in Fighting
   183 | D:1      | Reached XP level 2. HP: 20/22 MP: 0/0
   610 | D:1      | Found a faded altar of an unknown god.
  1064 | D:2      | Found a hide-covered altar of Uskayaw.
  1224 | D:2      | Reached XP level 3. HP: 25/27 MP: 0/0
  1224 | D:2      | Learned a level 1 spell: Pain
  1893 | D:3      | Reached XP level 4. HP: 29/33 MP: 0/0
  1926 | D:3      | Noticed Natasha
  1932 | D:3      | Killed Natasha
  2039 | D:3      | Noticed Robin
  2047 | D:3      | Reached skill level 4 in Spellcasting
  2058 | D:3      | Killed Robin
  2059 | D:3      | Reached XP level 5. HP: 15/40 MP: 0/0
  2059 | D:3      | Learned a level 2 spell: Static Discharge
  2435 | D:3      | Noticed Natasha
  2439 | D:3      | Killed Natasha
  2449 | D:3      | Noticed Natasha
  2455 | D:3      | Killed Natasha
  2719 | D:3      | Reached XP level 6. HP: 22/46 MP: 0/0
  3187 | D:3      | Slain by a gnoll

Illustrated notes

Levels and vault maps discovered:
D:1:      minmay_arrival_floating_metal, layout_basic,
          ebering_ecumenical_altar_mist, kennysheep_decorative_pillar
D:2:      layout_basic, basic_altar, grunt_decor_mini_mirrors
D:3:      layout_loops_corners, serial_shops, shop, minmay_quadrilaterals,
          uniq_robin, uniq_natasha

Skill      XL: |  1  2  3  4  5 |
---------------+----------------+-----
Fighting       | 1 2 3 |  3.6
Spellcasting   | 4 |  4.4
Dodging        | |  2.1
Stealth        | |  1.5

Action                   |  1- 3 |  4- 6 || total
-------------------------+-------+-------++-------
Melee: Unarmed           |     1 |       ||     1
       Quarterstaff      |     5 |    33 ||    38
 Cast: Freeze            |    41 |    33 ||    74
       Pain              |       |    19 ||    19
       Frozen Ramparts   |       |     3 ||     3
 Stab: Sleeping          |       |     2 ||     2
Armor: Robe              |     2 |       ||     2
       Leather armour    |     5 |    25 ||    30
Dodge: Dodged            |    19 |    24 ||    43

Table legend: (Time is in decaauts)
 A = Elapsed time spent in this place.
 B = Non-inter-level travel time spent in this place.
 C = Inter-level travel time spent in this place.
 D = Time resting spent in this place.
 E = Time spent auto-exploring this place.
 F = Levels seen in this place.
 G = Mean time per level.
                   A        B        C        D        E       F      G
               +--------+--------+--------+--------+--------+-----+--------+
         Total |   3196 |   3138 |     58 |   1075 |   1671 |   3 | 1065.3 |
       Dungeon |   3196 |   3138 |     58 |   1075 |   1671 |   3 | 1065.3 |
               +--------+--------+--------+--------+--------+-----+--------+

Top non-repeatable levels by time:
     D:3: 1396 daAuts
     D:1: 1029 daAuts
     D:2: 770 daAuts
